 Dungeon Crawl Stone Soup version 0.29.1-1-gd02db6906a (webtiles) character file.

Game seed: 2440979388673806209

135 virigoth the Shield-Bearer (level 4, 0/41 HPs)
             Began as a Minotaur Fighter on Sept 22, 2022.
             Killed by divine providence
             ... invoked by an orc priest
              (15 damage)
             ... on level 5 of the Dungeon.
             The game lasted 00:03:09 (1303 turns).

virigoth the Shield-Bearer (Minotaur Fighter)       Turns: 1303, Time: 00:03:10

Health: 0/41       AC:  9    Str: 21    XL:     4   Next: 96%
Magic:  3/3        EV:  9    Int:  7    God:
Gold:   44         SH:  4    Dex:  9    Spells: 3/3 levels left

rFire   . . .      SeeInvis .   a - +0 trident
rCold   . . .      Faith    .   c - +0 buckler
rNeg    . . .      Spirit   .   b - +0 scale mail
rPois   .          Reflect  .   (helmet restricted)
rElec   .          Harm     .   l - +1 cloak
rCorr   .          Rampage  .   (no gloves)
Will    .....                   (no boots)
Stlth   ..........              (no amulet)
HPRegen 0.13/turn               (no ring)
MPRegen 0.08/turn               (no ring)

@: no status effects
A: horns 2, retaliatory headbutt
a: no special abilities


You were on level 5 of the Dungeon.
You visited 1 branch of the dungeon, and saw 4 of its levels.

You collected 44 gold pieces.

Inventory:

Hand Weapons
 a - a +0 trident (weapon)
Missiles
 j - 4 boomerangs (quivered)
 u - a throwing net
Armour
 b - a +0 scale mail (worn)
 c - a +0 buckler (worn)
 l - a +1 cloak (worn)
Scrolls
 t - 2 scrolls of enchant armour
Potions
 d - a potion of might {!q}
 e - a potion of heal wounds {unknown}
 g - 2 potions of berserk rage {unknown}
 k - a potion of magic {unknown}


   Skills:
 + Level 4.9 Fighting
 + Level 4.1 Polearms
 - Level 3.6 Armour
 + Level 5.0 Shields


You had 3 spell levels left.
You didn't know any spells.
Your spell library was empty.

Dungeon Overview and Level Annotations

Branches:
Dungeon (3/15)

Altars:


Innate Abilities, Weirdness & Mutations

You have a pair of horns on your head.
You reflexively headbutt those who attack you in melee.


Message History

The adder closely misses you. You furiously retaliate!
You headbutt the adder.
You kill the adder!
You completely miss the necrophage.
The necrophage is severely damaged.
You feel sick.
The necrophage hits you but does no damage. x2
Something completely misses you.
You barely miss the necrophage. You headbutt the necrophage.
The necrophage is almost destroyed.
You feel sick. Something hits you but does no damage.
An orc priest comes into view. It is wielding a +0 falchion.
The necrophage hits you.
You feel drained.
* * * LOW HITPOINT WARNING * * *
You hit the necrophage.
You destroy the necrophage!
You feel sick. Something hits you but does no damage.
Your life force feels restored.
You have reached level 4!
You feel stronger.
You puncture the orc wizard! Your headbutt misses the orc wizard.
The orc wizard is heavily wounded.
You feel sick.
You are no longer poisoned.
Something hits you but does no damage.
The orc wizard hits you but does no damage.
You hit the orc wizard but do no damage.
The orc wizard is heavily wounded.
Something hits you but does no damage.
The orc wizard hits you with a +0 dagger.
* * * LOW HITPOINT WARNING * * *
You puncture the orc wizard!
You kill the orc wizard!
Your Polearms skill increases to level 4!
Your Shields skill increases to level 5!
You hit something. You block something's attack.
You miss something. The orc hits you with a +0 hand axe.
* * * LOW HITPOINT WARNING * * *
The orc priest invokes the aid of Beogh against you.
Beogh smites you!
You die...

#. .#.. #.# .
.. #.. ##. .#
#.## #.. .#
#..### #.# .#
##...# #.# .#
###.##
#.##o##
#..####.#)o.#
#........H#.#
#.........#
.#
#.........# #
#.........#
########.##
#.# #.# #..


You could see an orc priest and an orc.

Vanquished Creatures
  A necrophage (D:5)
  An orc wizard (D:5)
  An adder (D:5)
  9 ball pythons
  A bat (D:2)
  7 endoplasms (D:1)
  A giant cockroach (D:1)
  3 goblins (D:1)
  A hobgoblin (D:1)
  3 kobolds
  4 quokkas (D:1)
  3 frilled lizards (D:1)
  A rat (D:1)
36 creatures vanquished.

Vanquished Creatures (others)
  3 plants (D:1)
3 creatures vanquished.

Grand Total: 39 creatures vanquished

Notes
Turn   | Place    | Note
-------+----------+-------------------------------------------
     0 | D:1      | virigoth the Minotaur Fighter began the quest for the Orb.
     0 | D:1      | Reached XP level 1. HP: 19/19 MP: 0/0
    52 | D:1      | Reached XP level 2. HP: 26/27 MP: 1/1
   147 | D:1      | Reached skill level 4 in Shields
   274 | D:1      | Found a faded altar of an unknown god.
   473 | D:1      | Reached XP level 3. HP: 33/33 MP: 2/2
  1269 | D:3      | You fall into a shaft and drop 2 floors!
  1269 | D:3      | The shaft crumbles and collapses.
  1269 | D:5      | Entered Level 5 of the Dungeon
  1287 | D:5      | Noticed a necrophage
  1298 | D:5      | Killed a necrophage
  1299 | D:5      | Reached XP level 4. HP: 18/41 MP: 3/3
  1302 | D:5      | Reached skill level 5 in Shields
  1303 | D:5      | Killed from afar by an orc priest

Illustrated notes

Levels and vault maps discovered:
D:1:      pf_arrival_petrified_forest, layout_loops_ring, serial_forest,
          infiniplex_forest_end_3, infiniplex_forest_straight_3,
          infiniplex_forest_end_double, infiniplex_forest_clump_double,
          infiniplex_forest_clump_medium, infiniplex_forest_zigzag_1,
          shapermc_ecumenical_altar_pompeii, kennysheep_pointless_box,
          minmay_shallow_snake_nest
D:2:      layout_basic
D:3:      layout_basic, nzn_overflow_gifts_of_might_and_magic,
          cheibrodos_worm_habitat, uniq_jessica
D:5:      layout_rooms, makhleb_heckhound_becter,
          mainiacjoe_overflow_small_starburst, tgw_kikubaaqudgha,
          mainiacjoe_overflow_surrounded_room,
          eino_small_chamber_without_monster, uniq_pikel

Skill      XL: |  1  2  3  4 |
---------------+-------------+-----
Shields        | 4 5 |  5.0
Fighting       | 4 |  4.9
Polearms       | 3 4 |  4.1
Armour         | |  3.6

Action                   |  1- 3 |  4- 6 || total
-------------------------+-------+-------++-------
Melee: Trident           |    95 |     5 ||   100
       Headbutt          |     6 |       ||     6
Throw: Boomerang         |     3 |       ||     3
  Use: Scroll            |     5 |       ||     5
Armor: Scale mail        |    23 |     3 ||    26
Dodge: Dodged            |    35 |       ||    35
Block: Buckler           |    13 |     1 ||    14
